 Dungeon Crawl Stone Soup version 0.29.1-2-gbd0b4ee654 (webtiles) character file.

Game seed: 14773092737207896122

399 qeuew the Sneak (level 6, 0/28 HPs)
             Began as a Spriggan Enchanter on Nov 11, 2022.
             Slain by a rat (1 damage)
             ... on level 3 of the Dungeon.
             The game lasted 00:05:34 (2688 turns).

qeuew the Sneak (Spriggan Enchanter)                Turns: 2688, Time: 00:05:35

Health: 0/28       AC:  2    Str:  4    XL:     6   Next: 54%
Magic:  7/13       EV: 19    Int: 17    God:
Gold:   66         SH:  0    Dex: 17    Spells: 5/13 levels left

rFire   . . .      SeeInvis +   n - +2 dagger (venom)
rCold   . . .      Faith    .   (no shield)
rNeg    . . .      Spirit   .   b - +0 robe
rPois   .          Reflect  .   (helmet restricted)
rElec   .          Harm     .   p - scarf {shadows}
rCorr   .          Rampage  .   (gloves unavailable)
Will    +....                   (boots unavailable)
Stlth   +++.......              (no amulet)
HPRegen 0.09/turn               (no ring)
MPRegen 0.13/turn               (no ring)

@: very quick
A: very small, no large weapons, unfitting armour, see invisible, speed 3
a: no special abilities


You were on level 3 of the Dungeon.
You visited 1 branch of the dungeon, and saw 4 of its levels.

You collected 66 gold pieces.

Inventory:

Hand Weapons
 a - a +1 dagger
 i - a +0 dagger of flaming
 n - a +2 dagger of venom (weapon)
Armour
 b - a +0 robe (worn)
 p - a scarf of shadows (worn)
Jewellery
 g - a ring of magical power
Scrolls
 e - 2 scrolls of fear {unknown}
 f - a scroll of enchant armour
 j - 2 scrolls of vulnerability {unknown}
 k - a scroll of summoning {unknown}
 l - a scroll of silence
 m - a scroll of noise {unknown}
 q - a scroll of identify
Potions
 c - a potion of invisibility
 d - a potion of resistance {unknown}
 h - 3 potions of heal wounds {unknown}
 o - a potion of brilliance {unknown}


   Skills:
 + Level 3.3 Short Blades
 + Level 4.7 Dodging
 + Level 6.4 Stealth
 + Level 4.4 Spellcasting
 + Level 5.1 Hexes


You had 5 spell levels left.
You knew the following spells:

 Your Spells              Type           Power      Damage    Failure   Level
a - Ensorcelled Hibernat  Hex/Ice        24%        N/A       8%          2
b - Confusing Touch       Hex            21%        N/A       5%          3
c - Dazzling Flash        Conj/Hex       24%        N/A       16%         3

Your spell library contained the following spells:

 Spells                   Type           Power      Damage    Failure   Level
 Tukima's Dance           Hex            21%        N/A       5%          3


Dungeon Overview and Level Annotations

Branches:
Dungeon (4/15)
 Temple: D:4-7

Altars:
Ru
The Shining One

Portals:
Sewer: D:3


Innate Abilities, Weirdness & Mutations

You are very small and have problems with some larger weapons.
You are too small for most types of armour.
You have supernaturally acute eyesight. (SInv)
You cover ground extremely quickly. (Speed+++)


Message History

You hear the slow rusting of a drain very nearby.
Magic restored.
An endoplasm comes into view.
Found a potion of attraction.
You strike the helpless endoplasm from behind!
You puncture the endoplasm!
You kill the endoplasm!
You hear the slow rusting of a drain very nearby.
There is a stone staircase leading down here.
You open the door. 2 rats and 2 river rats come into view.
Found a glowing drain.
A river rat comes into view.
There is an open door here.
You enter the shallow water.
Moving in this stuff is going to be slow.
Your unstable footing causes you to fumble your attack.
The river rat bites you!
There is an open door here.
You are too injured to fight recklessly!
Aiming: Ensorcelled Hibernation (safe; 8% risk of failure)
Press: ? - help, Q - select action Shift-Dir - straight line, f - river rat
Aim: a river rat (chance to affect: 54%)
The river rat looks drowsy...
The helpless river rat fails to defend itself.
You stick the river rat like a pincushion!!!
You kill the river rat!
Aiming: Ensorcelled Hibernation (safe; 8% risk of failure)
Press: ? - help, Q - select action Shift-Dir - straight line, f - river rat
Aim: a river rat (chance to affect: 54%)
The river rat resists with significant effort.
The river rat closely misses you.
Aiming: Ensorcelled Hibernation (safe; 8% risk of failure)
Press: ? - help, Q - select action Shift-Dir - straight line, f/p - river rat
Aim: a river rat (chance to affect: 54%)
The river rat resists with significant effort.
The river rat barely misses you. The river rat bites you!
* * * LOW HITPOINT WARNING * * *
The rat bites you.
You die...

.##.......#
..#.......# #
#.#.......# #.
#.#.......#
####..##.#.......#
........#.#######
#######.>.#
#~~~~~#..##
#~rr~~#@r#
#~~∩~~#rr#
#~~r~~'.##
#######.# ... ..#
###..#.# ##...# #
###


You could see 2 river rats and a rat.

Vanquished Creatures
  Grinder (D:3)
  A hound (D:4)
  2 iguanas (D:4)
  A river rat (D:3)
  5 adders
  3 dart slugs (D:1)
  4 bats
  6 endoplasms
  5 goblins
  3 hobgoblins
  4 jackals (D:1)
  4 kobolds
  4 quokkas
  4 ball pythons
  2 frilled lizards
49 creatures vanquished.

Notes
Turn   | Place    | Note
-------+----------+-------------------------------------------
     0 | D:1      | qeuew the Spriggan Enchanter began the quest for the Orb.
     0 | D:1      | Reached XP level 1. HP: 9/9 MP: 5/5
   110 | D:1      | Reached XP level 2. HP: 13/13 MP: 6/6
   115 | D:1      | Learned a level 2 spell: Ensorcelled Hibernation
   540 | D:1      | Found a faded altar of an unknown god.
   689 | D:1      | Reached XP level 3. HP: 9/16 MP: 2/8
  1219 | D:2      | Reached skill level 5 in Stealth
  1223 | D:2      | Learned a level 3 spell: Confusing Touch
  1227 | D:2      | Learned a level 3 spell: Dazzling Flash
  1727 | D:2      | Reached XP level 4. HP: 15/21 MP: 2/10
  2016 | D:2      | You fall into a shaft and drop 2 floors!
  2098 | D:4      | Reached XP level 5. HP: 7/24 MP: 1/11
  2341 | D:4      | Found a glowing golden altar of the Shining One.
  2439 | D:4      | Found a sacrificial altar of Ru.
  2498 | D:3      | Noticed Grinder
  2516 | D:3      | Killed Grinder
  2517 | D:3      | Reached skill level 6 in Stealth
  2517 | D:3      | Reached skill level 5 in Hexes
  2517 | D:3      | Reached XP level 6. HP: 3/28 MP: 9/13
  2676 | D:3      | Found a glowing drain.
  2688 | D:3      | HP: 1/28 [river rat (9)]
  2688 | D:3      | Slain by a rat

Illustrated notes

Levels and vault maps discovered:
D:1:      dpeg_arrival_more_subterranean_lakeside_camping, layout_rooms,
          shapermc_ecumenical_altar_hornbeckon
D:2:      layout_basic
D:3:      layout_basic, xom_butterflies, portal_sewer_entry_c,
          minmay_hedge_maze, uniq_natasha, uniq_grinder, uniq_ijyb, uniq_pargi
D:4:      layout_basic, tso_metal_star, nicolae_ru_sacrificial_ziggurat,
          minmay_temple_entry_gardened_gates, minmay_bent

Skill      XL: |  1  2  3  4  5 |
---------------+----------------+-----
Dodging        | 3 4 |  4.7
Spellcasting   | 3 4 |  4.4
Hexes          | 4 5 |  5.1
Stealth        | 5 6 |  6.4
Short Blades   | 2 3 |  3.3

Action                   |  1- 3 |  4- 6 || total
-------------------------+-------+-------++-------
Melee: Dagger            |    74 |    40 ||   114
       Punch             |     1 |       ||     1
 Cast: Ensorcelled Hiber |    19 |    18 ||    37
       Confusing Touch   |       |     1 ||     1
  Use: Scroll            |     5 |       ||     5
       Potion            |       |     1 ||     1
 Stab: Sleeping          |    18 |     9 ||    27
       Confused          |       |     1 ||     1
       Invisible         |       |     1 ||     1
       Distracted        |       |     1 ||     1
Armor: Robe              |    13 |     2 ||    15
Dodge: Dodged            |    69 |    32 ||   101
